 Dungeon Crawl Stone Soup version 0.31-a0-150-g89dc3ad700 (webtiles) character file.

Game seed: 9655987620185881623

14 iguanaiguana the Sneak (level 2, -1/18 HPs)
             Began as a Deep Elf Delver on June 9, 2023.
             Slain by a hobgoblin zombie (3 damage)
             ... in an ossuary.
             The game lasted 00:01:01 (115 turns).

iguanaiguana the Sneak (Deep Elf Delver)             Turns: 115, Time: 00:01:01

Health: -1/18      AC:  3    Str:  9    XL:     2   Next: 31%
Magic:  4/4        EV: 12    Int: 14    God:
Gold:   127        SH:  0    Dex: 16    Spells: 1/1 levels left

rFire   . . .        a - +0 short sword
rCold   . . .        (no shield)
rNeg    . . .        b - +0 leather armour
rPois   .            (no helmet)
rElec   .            (no cloak)
rCorr   .            (no gloves)
SInv    .            (no boots)
Will    .....        (no amulet)
Stlth   +++          (no ring)
HPRegen 0.23/turn    (no ring)
MPRegen 0.09/turn

%: no passive effects
@: hasted, very quick
A: no striking features
a: no special abilities


You were in an ossuary.
You visited 1 branch of the dungeon, and saw 1 of its levels.
You also visited: Ossuary.

You collected 127 gold pieces.

Inventory:

Hand Weapons
 a - a +0 short sword (weapon)
Armour
 b - a +0 leather armour (worn)
Wands
 g - a wand of digging (3) {@v3}
Scrolls
 c - a scroll of fog
 e - a scroll of fear


   Skills:
 + Level 2.6 Fighting
 + Level 2.2 Short Blades
 + Level 2.7 Dodging
 + Level 6.2 Stealth


You had one spell level left.
You didn't know any spells.
Your spell library was empty.

Dungeon Overview and Level Annotations

Branches:
Dungeon (5/15) Zot: 5978  Ossuary (1/1) Zot: 5914
 Temple: D:4-7

Altars:


Message History

The mummy is heavily damaged.
You hit the mummy.
The mummy is severely damaged.
Unknown command.
You barely miss the mummy.
The mummy is severely damaged.
You barely miss the mummy.
The mummy is severely damaged.
The hobgoblin zombie hits you.
You hit the mummy but do no damage.
The mummy is severely damaged.
You hit the mummy.
The mummy is almost destroyed.
The orc zombie hits you. The mummy hits you.
* * * LOW HITPOINT WARNING * * *
You hit the mummy.
You destroy the mummy!
You have reached level 2!
You hit the hobgoblin zombie.
The hobgoblin zombie is moderately damaged.
You hit the hobgoblin zombie.
The hobgoblin zombie is severely damaged.
You hit the hobgoblin zombie but do no damage.
The hobgoblin zombie is severely damaged.
The gnoll zombie hits you.
* * * LOW HITPOINT WARNING * * *
You hit the hobgoblin zombie.
The hobgoblin zombie is severely damaged.
You hit the hobgoblin zombie.
You destroy the hobgoblin zombie!
The hobgoblin zombie hits you.
* * * LOW HITPOINT WARNING * * *
You aren't carrying any potions.
Okay, then.
You hit the hobgoblin zombie.
The hobgoblin zombie is heavily damaged.
You barely miss the hobgoblin zombie.
The hobgoblin zombie is heavily damaged.
The hobgoblin zombie hits you.
You die...

##########
#.#.#.#Z#.
#......... #####
#......... ##@ZZ##
##.........
#ZZZZ$###..........
#ZZZ$.....∩Z.......
#..$.$###..........
##...## ##.........
##### #.........
#.........
#Z#.#.#.#.
##########


You could see a goblin zombie, 3 hobgoblin zombies, a gnoll zombie, 3 orc
zombies and an elf zombie.

Vanquished Creatures
  A mummy (Ossuary)
  A gnoll zombie (Ossuary)
  2 hobgoblin zombies (Ossuary)
4 creatures vanquished.

Notes
Turn   | Place    | Note
-------+----------+-------------------------------------------
     0 | D:5      | iguanaiguana the Deep Elf Delver began the quest for the
                  | Orb.
     0 | D:5      | Reached XP level 1. HP: 13/13 MP: 3/3
    17 | D:5      | Found a sand-covered staircase.
    22 | Ossuary  | Entered an ossuary
   109 | Ossuary  | Reached XP level 2. HP: 6/18 MP: 4/4
   115 | Ossuary  | Slain by a hobgoblin zombie

Illustrated notes

Levels and vault maps discovered:
D:5:      nicolae_cairo_tiling_very_big, layout_basic,
          gammafunk_temple_overflow_pools, enter_ossuary_5,
          corexii_hall_statues_u, minmay_misc_feat_hallway, uniq_menkaure,
          uniq_edmund, uniq_pikel, uniq_ijyb
Ossuary:  minmay_ossuary_gauntlet

Action                     || total
---------------------------++-------
  Melee: Short sword       ||    26
    Use: Scroll            ||     1
         Potion            ||     1
 Armour: Leather armour    ||    14
  Dodge: Dodged            ||    44

Table legend: (Time is in decaauts)
 A = Elapsed time spent in this place.
 B = Non-inter-level travel time spent in this place.
 C = Inter-level travel time spent in this place.
 D = Time resting spent in this place.
 E = Time spent auto-exploring this place.
 F = Levels seen in this place.
 G = Mean time per level.
                   A        B        C        D        E       F      G
               +--------+--------+--------+--------+--------+-----+--------+
         Total |    107 |     99 |      8 |      6 |      2 |   2 |   53.5 |
       Dungeon |     22 |     14 |      8 |      0 |      0 |   1 |   22.0 |
       Ossuary |     85 |     85 |      0 |      6 |      2 |   1 |   85.0 |
               +--------+--------+--------+--------+--------+-----+--------+

Top non-repeatable levels by time:
 Ossuary: 85 daAuts
     D:5: 22 daAuts
